 Dungeon Crawl Stone Soup version 0.30-a0-311-gf115ab0292 (webtiles) character file.

Game seed: 3591510495414987115

322 McGhostyFace the Grasshopper (level 6, 0/51 HPs)
             Began as a Gnoll Warper on Oct 26, 2022.
             Slain by a gnoll
             ... wielding a +0 halberd
              (17 damage)
             ... on level 3 of the Dungeon.
             The game lasted 00:10:11 (3511 turns).

McGhostyFace the Grasshopper (Gnoll Warper)         Turns: 3511, Time: 00:10:11

Health: 0/51       AC:  3    Str: 11    XL:     6   Next: 47%
Magic:  3/14       EV: 13    Int: 14    God:
Gold:   215        SH:  0    Dex: 11    Spells: 6/15 levels left

rFire   . . .      SeeInvis .    h - +2 short sword (freeze)
rCold   . . .      Faith    .    (no shield)
rNeg    . . .      Spirit   .    b - +0 leather armour
rPois   .          Reflect  .    (no helmet)
rElec   .          Harm     .    (no cloak)
rCorr   .          Rampage  .    (no gloves)
Will    .....                    (no boots)
Stlth   ++........               (no amulet)
HPRegen 0.28/turn                (no ring)
MPRegen 0.14/turn                (no ring)

@: on blink cooldown, very slightly contaminated
A: fangs 1, strong nose, distributed training
a: no special abilities


You were on level 3 of the Dungeon.
You visited 1 branch of the dungeon, and saw 3 of its levels.

You collected 215 gold pieces.

Inventory:

Hand Weapons
 a - a +0 spear
 c - a +0 sling
 h - a +2 short sword of freezing (weapon)
Missiles
 d - 5 boomerangs of dispersal
 j - 3 boomerangs (quivered)
 q - 3 poisoned darts
Armour
 b - a +0 leather armour (worn)
Scrolls
 e - a scroll of immolation {unknown}
 g - 2 scrolls of poison {unknown}
 i - 2 scrolls of blinking
 k - 2 scrolls of teleportation {unknown}
 l - a scroll of identify {unknown}
 m - 2 scrolls of noise {unknown}
 n - a scroll of enchant armour {unknown}
 o - a scroll of vulnerability {unknown}
 p - a scroll of enchant weapon {unknown}
Potions
 f - 4 potions of curing


   Skills:
 + Level 5.0 Fighting
 + Level 2.0 Short Blades
 + Level 2.0 Long Blades
 + Level 2.0 Axes
 + Level 2.0 Maces & Flails
 + Level 5.0 Polearms
 + Level 2.0 Staves
 + Level 2.0 Ranged Weapons
 + Level 3.3 Throwing
 + Level 3.3 Armour
 + Level 5.0 Dodging
 + Level 2.0 Stealth
 + Level 2.0 Shields
 + Level 2.0 Unarmed Combat
 + Level 5.4 Spellcasting
 + Level 1.6 Conjurations
 + Level 1.6 Hexes
 + Level 1.6 Summonings
 + Level 1.6 Necromancy
 + Level 5.7 Translocations
 + Level 1.6 Transmutations
 + Level 1.6 Fire Magic
 + Level 1.6 Ice Magic
 + Level 1.6 Air Magic
 + Level 1.6 Earth Magic
 + Level 1.6 Poison Magic
 + Level 2.2 Invocations
 + Level 2.0 Evocations


You had 6 spell levels left.
You knew the following spells:

 Your Spells              Type           Power      Damage    Failure   Level
a - Blink                 Tloc           38%        N/A       3%          2
b - Vhi's Electric Charg  Tloc/Air       28%        N/A       14%         3
c - Manifold Assault      Tloc           19%        N/A       21%         4

Your spell library contained the following spells:

 Spells                   Type           Power      Damage    Failure   Level
 Lesser Beckoning         Tloc           38%        N/A       6%          3
 Teleport Other           Tloc           19%        N/A       6%          3


Dungeon Overview and Level Annotations

Branches:
Dungeon (3/15)

Altars:
Okawaru
The Shining One


Innate Abilities, Weirdness & Mutations

You have very sharp teeth.
Your uncanny sense of smell can sniff out nearby items.
Your experience applies equally to all skills.


Message History

Unknown command.
Casting: Vhi's Electric Charge (dangerous; 14% risk of failure)
Confirm with . or Enter, or press ? or * to list all spells.
Charge where?
Press: ? - help, Dir - move target, f/p - gnoll
Aim: a gnoll, wielding a +1 vampiric spear You charge forward with an electric crackle!
You puncture the gnoll and electrocute it!
You freeze the gnoll.
The gnoll is severely wounded.
The gnoll closely misses you.
The gnoll hits you with a +1 vampiric spear.
The gnoll draws strength from your wounds!
You closely miss the gnoll.
The gnoll is heavily wounded.
The gnoll hits you from afar with a +0 halberd.
The gnoll hits you with a +1 vampiric spear.
The gnoll draws strength from your wounds!
You completely miss the gnoll.
The gnoll is heavily wounded.
The gnoll barely misses you.
The gnoll hits you with a +1 vampiric spear.
The gnoll draws strength from your wounds!
You hit the gnoll. You freeze the gnoll.
The gnoll is heavily wounded.
You feel stable enough to blink again. The gnoll closely misses you.
The gnoll misses you.
You barely miss the gnoll.
The gnoll is heavily wounded.
Casting: Vhi's Electric Charge (dangerous; 14% risk of failure)
Confirm with . or Enter, or press ? or * to list all spells.
You blink.
Throw: 4 darts (poison)
Press: ? - help, Q - select action, (/) - cycle Shift-Dir - straight line, f/p - gnoll
Aim: a gnoll, wielding a +1 vampiric spear (heavily wounded, 63% to hit)
You throw a poisoned dart.
The poisoned dart closely misses the gnoll.
The poisoned dart closely misses the gnoll.
The gnoll hits you from afar with a +0 halberd!
You die...

.########### #....#
...........######.##.##### ...#
...........+..#..........# ...#
...........##.#.##.#.....# ...#
...>........#...##.########)..#
..............##..........#...###
............#...#.#.#####.#).....
..............#.#...#...#.#......
.........(...gg.@................
.....<........#.......#.#.####...
#..........#########....#.#
#..........# #.####.#
#..........# #.# #.#
#......^...#########.# #.#
.#..####.............####.# .#..#
#................#.#### .#..#
#............##.......#


You could see 2 gnolls.

Vanquished Creatures
  A phantom (D:2)
  Natasha (thrice) (D:1)
  An orc wizard (D:3)
  2 adders
  6 gnolls
  A worm (D:2)
  A dart slug (D:1)
  5 orcs
  3 bats
  6 endoplasms
  4 giant cockroaches
  7 goblins
  2 hobgoblins
  2 jackals (D:1)
  7 kobolds
  A quokka (D:2)
  5 ball pythons
  2 frilled lizards
  6 rats
65 creatures vanquished.

Vanquished Creatures (others)
  2 plants (D:3)
2 creatures vanquished.

Grand Total: 67 creatures vanquished

Notes
Turn   | Place    | Note
-------+----------+-------------------------------------------
     0 | D:1      | McGhostyFace the Gnoll Warper began the quest for the Orb.
     0 | D:1      | Reached XP level 1. HP: 20/20 MP: 6/6
    74 | D:1      | Reached XP level 2. HP: 22/26 MP: 7/7
   131 | D:1      | Learned a level 2 spell: Blink
   480 | D:1      | Reached skill level 5 in Spellcasting
   480 | D:1      | Reached XP level 3. HP: 25/31 MP: 7/9
   493 | D:1      | Reached skill level 1 in Invocations
   838 | D:2      | Noticed Natasha
   898 | D:1      | Killed Natasha
   899 | D:1      | Reached skill level 1 in Short Blades
   899 | D:1      | Reached skill level 1 in Long Blades
   899 | D:1      | Reached skill level 1 in Axes
   899 | D:1      | Reached skill level 1 in Maces & Flails
   899 | D:1      | Reached skill level 1 in Staves
   899 | D:1      | Reached skill level 1 in Ranged Weapons
   899 | D:1      | Reached skill level 1 in Stealth
   899 | D:1      | Reached skill level 1 in Shields
   899 | D:1      | Reached skill level 1 in Unarmed Combat
   899 | D:1      | Reached skill level 1 in Evocations
   899 | D:1      | Reached XP level 4. HP: 12/38 MP: 11/11
  1127 | D:2      | Found an iron altar of Okawaru.
  1290 | D:1      | Learned a level 3 spell: Vhi's Electric Charge
  1458 | D:1      | Noticed Natasha
  1474 | D:1      | Killed Natasha
  1475 | D:1      | Reached skill level 1 in Conjurations
  1475 | D:1      | Reached skill level 1 in Hexes
  1475 | D:1      | Reached skill level 1 in Summonings
  1475 | D:1      | Reached skill level 1 in Necromancy
  1475 | D:1      | Reached skill level 1 in Transmutations
  1475 | D:1      | Reached skill level 1 in Fire Magic
  1475 | D:1      | Reached skill level 1 in Ice Magic
  1475 | D:1      | Reached skill level 1 in Air Magic
  1475 | D:1      | Reached skill level 1 in Earth Magic
  1475 | D:1      | Reached skill level 1 in Poison Magic
  1594 | D:1      | Noticed Natasha
  1604 | D:1      | Killed Natasha
  1605 | D:1      | Reached XP level 5. HP: 26/43 MP: 9/12
  1610 | D:1      | Learned a level 4 spell: Manifold Assault
  1900 | D:2      | Found a faded altar of an unknown god.
  2866 | D:3      | Found a glowing golden altar of the Shining One.
  2873 | D:3      | Noticed a phantom
  2923 | D:2      | Killed a phantom
  2924 | D:2      | Reached skill level 5 in Fighting
  2924 | D:2      | Reached skill level 5 in Polearms
  2924 | D:2      | Reached skill level 5 in Dodging
  2924 | D:2      | Reached XP level 6. HP: 42/51 MP: 1/14
  3511 | D:3      | Slain by a gnoll

Illustrated notes

Levels and vault maps discovered:
D:1:      mrwooster_arrival_statue_2, layout_loops_ring
D:2:      layout_basic, nicolae_ecumenical_oubliette, basic_altar,
          minmay_quantized, uniq_natasha
D:3:      layout_basic, chequers_temple_overflow_minitemple,
          mainiacjoe_overflow_boulevard, guppyfry_early_lair_pool

Skill      XL: |  1  2  3  4  5  6 |
---------------+-------------------+-----
Spellcasting   | 5 |  5.4
Invocations    | 1 2 |  2.2
Short Blades   | 1 2 |  2.0
Long Blades    | 1 2 |  2.0
Axes           | 1 2 |  2.0
Maces & Flails | 1 2 |  2.0
Staves         | 1 2 |  2.0
Ranged Weapons | 1 2 |  2.0
Stealth        | 1 2 |  2.0
Shields        | 1 2 |  2.0
Unarmed Combat | 1 2 |  2.0
Evocations     | 1 2 |  2.0
Conjurations   | 1 |  1.6
Hexes          | 1 |  1.6
Summonings     | 1 |  1.6
Necromancy     | 1 |  1.6
Transmutations | 1 |  1.6
Fire Magic     | 1 |  1.6
Ice Magic      | 1 |  1.6
Air Magic      | 1 |  1.6
Earth Magic    | 1 |  1.6
Poison Magic   | 1 |  1.6
Throwing       | 3 |  3.3
Armour         | 3 |  3.3
Fighting       | 5 |  5.0
Polearms       | 5 |  5.0
Dodging        | 5 |  5.0
Translocations | |  5.7

Action                   |  1- 3 |  4- 6 || total
-------------------------+-------+-------++-------
Melee: Spear             |    89 |    49 ||   138
       Bite              |     3 |    23 ||    26
       Punch             |     1 |       ||     1
       Short sword       |       |   135 ||   135
 Fire: Sling             |       |     1 ||     1
Throw: Boomerang         |     1 |    23 ||    24
       Dart              |       |     1 ||     1
 Cast: Blink             |     2 |     6 ||     8
       Vhi's Electric Ch |       |     8 ||     8
       Manifold Assault  |       |     3 ||     3
  Use: Potion            |     3 |       ||     3
       Scroll            |       |     1 ||     1
 Stab: Sleeping          |     2 |     2 ||     4
Armor: Leather armour    |    13 |    31 ||    44
Dodge: Dodged            |    43 |    99 ||   142

Table legend: (Time is in decaauts)
 A = Elapsed time spent in this place.
 B = Non-inter-level travel time spent in this place.
 C = Inter-level travel time spent in this place.
 D = Time resting spent in this place.
 E = Time spent auto-exploring this place.
 F = Levels seen in this place.
 G = Mean time per level.
                   A        B        C        D        E       F      G
               +--------+--------+--------+--------+--------+-----+--------+
         Total |   3505 |   3300 |    205 |   1002 |   1536 |   3 | 1168.3 |
       Dungeon |   3505 |   3300 |    205 |   1002 |   1536 |   3 | 1168.3 |
               +--------+--------+--------+--------+--------+-----+--------+

Top non-repeatable levels by time:
     D:1: 1823 daAuts
     D:2: 877 daAuts
     D:3: 803 daAuts
